 Dungeon Crawl Stone Soup version 0.18.1-5-g4a78601 (webtiles) character file.

232 inmateoo the Sneak (level 6, -1/41 HPs)
             Began as a Merfolk Fire Elementalist on May 9, 2016.
             Slain by Sigmund
             ... wielding a +0 scythe
              (15 damage)
             ... on level 2 of the Dungeon.
             The game lasted 00:08:52 (3956 turns).

inmateoo the Sneak (Merfolk Fire Elementalist)      Turns: 3956, Time: 00:08:53

Health: -1/41      AC:  3    Str:  9    XL:     6   Next: 4%
Magic:  4/9        EV: 12    Int: 16    God:
Gold:   99         SH:  0    Dex: 14    Spells: 3 memorised, 3 levels left

rFire  . . .     SeeInvis .     d - +1 short sword
rCold  . . .     Gourm    .     k - +0 leather armour
rNeg   . . .     Faith    .     (no shield)
rPois  .         Spirit   .     (no helmet)
rElec  .         Dismiss  .     (no cloak)
rCorr  .         Reflect  .     (no gloves)
SustAt .         Harm     .     (no boots)
MR     .....                    (no amulet)
Stlth  +++.......               (no ring)
                                (no ring)

@: very slightly contaminated, not resistant to hostile enchantments, fairly
stealthy
A: change form in water, swift swim
a: no special abilities


You were on level 2 of the Dungeon.
You were not hungry.

You visited 1 branch of the dungeon, and saw 4 of its levels.

You collected 99 gold pieces.

Inventory:

Hand Weapons
 d - a +1 short sword (weapon)
 e - a +0 dagger
Missiles
 a - 76 stones (quivered)
Armour
 k - a +0 leather armour (worn)
Jewellery
 u - an uncursed amulet of magic regeneration {unknown}
Wands
 n - a wand of confusion (6/48)
Scrolls
 r - a scroll of teleportation
 s - 2 scrolls of remove curse
 v - a scroll of enchant armour {unknown}
Potions
 f - 2 potions of lignification
 g - 2 potions of flight
 i - 3 potions of curing
 j - a potion of haste
 l - 2 potions of heal wounds {unknown}
 m - 2 potions of berserk rage {unknown}
 p - 2 potions of magic {unknown}
 t - 2 potions of invisibility {unknown}
Books
 b - a book of Flames

   Spells                             Type                      Level
   a - Flame Tongue                   Conjuration/Fire             1
   b - Throw Flame                    Conjuration/Fire             2
   c - Conjure Flame                  Conjuration/Fire             3
   d - Inner Flame                    Hexes/Fire                   3
   e - Sticky Flame                   Conjuration/Fire             4
   f - Fireball                       Conjuration/Fire             5
 w - a book of Beasts

   Spells                             Type                      Level
   a - Summon Butterflies             Summoning                    1
   b - Call Canine Familiar           Summoning                    3
   c - Summon Ice Beast               Ice/Summoning                4
   d - Summon Mana Viper              Hexes/Summoning              5
   e - Summon Hydra                   Summoning                    7
Comestibles
 c - 4 bread rations
 h - a beef jerky
 o - 8 fruits
 q - a meat ration
 x - a slice of pizza


   Skills:
 - Level 2.6 Dodging
 - Level 5.0 Stealth
 - Level 2.0 Spellcasting
 - Level 0.7 Conjurations
 + Level 3.9 Fire Magic


You had 3 spell levels left.
You knew the following spells:

 Your Spells              Type           Power        Failure   Level  Hunger
a - Flame Tongue          Conj/Fire      #....        14%         1    #......
b - Throw Flame           Conj/Fire      #.....       21%         2    ###....
c - Conjure Flame         Conj/Fire      #.......     38%         3    ###....


Dungeon Overview and Level Annotations

Branches:
Dungeon (4/15)
 Temple: D:4-7

Altars:
Qazlal

Annotations:
D:2 Sigmund; Terence
D:3 Grinder
D:4 Rekenzichi's ghost, amateur DrGl


Message History

Aiming: Flame Tongue
Press: ? - help, Shift-Dir - straight line You hear some strange, mumbled words.
Something tries to affect you, but you resist.
Casting: Flame Tongue
Confirm with . or Enter, or press ? or * to list all spells.
Okay, then.
Casting: Flame Tongue
Confirm with . or Enter, or press ? or * to list all spells.
Aiming: Flame Tongue
Press: ? - help, Shift-Dir - straight line You hear some strange, mumbled words.
Something tries to affect you, but you resist.
Evoke which item? (* to show all) (? for menu, Esc to quit)
Zapping:
n - a wand of confusion {zapped: 14} (will waste charges)
Press: ? - help, Shift-Dir - straight line Nothing appears to happen.
Evoking this partially-identified wand wasted a few charges.
Something hits you!
You die...

# #..<##.#.........#
#.# #
#.(#...#...###.#.###.##
#
#..#.###...#.#.#....^..
.
#..#.........#.#..##.##
#
#....†....##.#.#..##.#
#
#.##....####.#....##[#
#.##.........####..#.#
#.##....####.# ##.#.#
#.....@{# #.#.##
#####...# #.#.##
#.......# #.).##
#.####### ######..##
#.# #.)....>## #.#
#....)..#. #.#
#.......#. #S#
#.......#. #.#.#
#.......##


There were no monsters in sight!

Vanquished Creatures
  A scorpion (D:4)
  Ijyb (D:3)
  A worker ant (D:4)
  8 adders
  An ooze (D:3)
  2 worms
  A dart slug (D:1)
  A giant gecko (D:3)
  3 orcs (D:3)
  A ball python (D:1)
  8 bats
  2 giant cockroaches (D:1)
  2 goblins
  6 hobgoblins
  4 jackals (D:2)
  A quokka (D:2)
  4 giant newts
  6 kobolds
  4 rats
57 creatures vanquished.

Notes
Turn   | Place    | Note
--------------------------------------------------------------
     0 | D:1      | inmateoo the Merfolk Fire Elementalist began the quest for the Orb.
     0 | D:1      | Reached XP level 1. HP: 13/13 MP: 3/3
   148 | D:1      | Reached XP level 2. HP: 15/19 MP: 1/5
   596 | D:1      | Learned a level 2 spell: Throw Flame
   648 | D:2      | Noticed Terence
  1096 | D:2      | Reached XP level 3. HP: 22/24 MP: 0/6
  1109 | D:2      | Learned a level 3 spell: Conjure Flame
  1696 | D:2      | Noticed Sigmund
  1984 | D:2      | Reached XP level 4. HP: 29/30 MP: 7/7
  2040 | D:3      | Noticed Ijyb
  2223 | D:3      | Killed Ijyb
  2223 | D:3      | Reached skill level 3 in Stealth
  2568 | D:3      | Reached skill level 4 in Stealth
  2568 | D:3      | Reached XP level 5. HP: 35/35 MP: 6/8
  2718 | D:3      | Noticed Grinder
  3197 | D:4      | Noticed Rekenzichi's ghost (amateur DrGl)
  3211 | D:4      | Found a stormy altar of Qazlal.
  3233 | D:4      | Reached skill level 5 in Stealth
  3938 | D:2      | Reached XP level 6. HP: 29/41 MP: 5/9
  3956 | D:2      | Slain by Sigmund

Skill      XL: |  1  2  3  4  5 |
---------------+----------------+-----
Fire Magic     | 3 |  3.9
Stealth        | 4 5 |  5.0
Dodging        | |  2.6
Spellcasting   | |  2.0
Conjurations   | |  0.7

Action                   |  1- 3 |  4- 6 || total
-------------------------+-------+-------++-------
Melee: Short sword       |    60 |    86 ||   146
       Unarmed           |     3 |       ||     3
 Cast: Flame Tongue      |    27 |    39 ||    66
Evoke: Wand              |       |     6 ||     6
  Use: Scroll            |     4 |     5 ||     9
 Stab: Sleeping          |     3 |     3 ||     6
       Confused          |       |     3 ||     3
  Eat: Chunk             |     2 |     9 ||    11
Armor: Robe              |     3 |       ||     3
       Leather armour    |     7 |    13 ||    20
Dodge: Dodged            |    76 |    62 ||   138
